 Dungeon Crawl Stone Soup version 0.20.0-8-g6b59dc7 (webtiles) character file.

417 RKaid the Conjurer (level 6, -4/32 HPs)
             Began as a Deep Elf Conjurer on May 31, 2017.
             Was an Initiate of Vehumet.
             Slain by an iguana (13 damage)
             ... on level 5 of the Dungeon.
             The game lasted 00:16:05 (4144 turns).

RKaid the Conjurer (Deep Elf Conjurer)              Turns: 4144, Time: 00:16:06

Health: -4/32      AC:  3    Str:  5    XL:     6   Next: 61%
Magic:  17/17      EV: 13    Int: 22    God:    Vehumet [......]
Gold:   188        SH:  0    Dex: 15    Spells: 5/17 levels left

rFire    . . .     SeeInvis .   a - +2 hunting sling (flame)
rCold    . . .     Gourm    .   (no shield)
rNeg     . . .     Faith    .   u - +0 robe
rPois    .         Spirit   .   (no helmet)
rElec    .         Reflect  .   (no cloak)
rCorr    .         Harm     .   (no gloves)
MR       .....                  p - +0 pair of boots
Stlth    ++........             (no amulet)
Regen    0.1/turn               (no ring)
MPRegen  0.2/turn               (no ring)

@: no status effects
A: no striking features
a: Renounce Religion


You were on level 5 of the Dungeon.
You worshipped Vehumet.
Vehumet was noncommittal.
You were hungry.

You visited 2 branches of the dungeon, and saw 6 of its levels.

You collected 188 gold pieces.

Inventory:

Hand Weapons
 a - a +2 hunting sling of flaming (weapon)
   (You found it on level 5 of the Dungeon)
 b - a +1 short sword of flaming
   (You took it off a kobold on level 3 of the Dungeon)
 y - a +1 long sword of protection
   (You found it on level 4 of the Dungeon)
Missiles
 h - 24 sling bullets (quivered)
Armour
 p - a +0 pair of boots (worn)
   (You found it on level 1 of the Dungeon)
 u - a +0 robe (worn)
   (You found it on level 3 of the Dungeon)
Wands
 i - a wand of disintegration (5/24)
   (You found it on level 3 of the Dungeon)
 z - a wand of iceblast (7/15)
   (You found it on level 4 of the Dungeon)
Scrolls
 m - a scroll of enchant armour {unknown}
 q - 3 scrolls of remove curse {unknown}
 r - a scroll of enchant weapon {unknown}
 v - 4 scrolls of identify {unknown}
 w - a scroll of fog {unknown}
 x - 3 scrolls of teleportation {unknown}
 B - a scroll of immolation {unknown}
Potions
 d - 4 potions of lignification {unknown}
 e - a potion of cancellation {unknown}
 g - 3 potions of curing {unknown}
 j - a potion of haste {unknown}
 l - a potion of magic {unknown}
 n - 3 potions of invisibility {unknown}
 A - a potion of agility {unknown}
 C - a potion of flight {unknown}
Books
 k - a book of Cantrips
   (You found it on level 3 of the Dungeon)
 o - a book of Conjurations
Comestibles
 c - 6 bread rations
 f - 2 meat rations
 s - 2 royal jellies
 t - 3 fruits


   Skills:
 + Level 0.1 Fighting
 + Level 2.6 Dodging
 - Level 2.4 Stealth
 - Level 6.0 Spellcasting
 + Level 7.4 Conjurations


You had 5 spell levels left.
You knew the following spells:

 Your Spells              Type           Power        Failure   Level  Hunger
a - Magic Dart            Conj           ####         1%          1    None
b - Searing Ray           Conj           #####.       1%          2    None
c - Dazzling Spray        Conj/Hex       ###...       6%          3    #......
d - Iskenderun's Mystic   Conj           #####...     4%          4    ###....
A - Animate Skeleton      Necr           N/A          9%          1    None
D - Apportation           Tloc           #.....       9%          1    None


Dungeon Overview and Level Annotations

Branches:
Dungeon (5/15)             Temple (1/1) D:4

Altars:
Cheibriados
Dithmenos
Gozag
Kikubaaqudgha
Nemelex Xobeh
Qazlal
Ru
Trog
Uskayaw
Vehumet
Xom
The Shining One

Annotations:
D:2 exclusion: Natasha, Natasha


Message History

The gnoll shouts!
An iguana and a gnoll come into view.
You see here a gold piece.
A scorpion comes into view.
You see here a gold piece.
There is an open door here.
Firing (i - inventory):
h - 28 sling bullets (quivered)
Press: ? - help, Shift-Dir - straight line, f - gnoll
Aim: a gnoll, wielding a spear You shoot a sling bullet.
The sling bullet barely misses the gnoll. x2
Firing (i - inventory):
h - 27 sling bullets (quivered)
Press: ? - help, Shift-Dir - straight line, f/p - gnoll
Aim: a gnoll, wielding a spear You shoot a sling bullet.
The sling bullet hits the gnoll!
The sling bullet burns the gnoll.
Firing (i - inventory):
h - 26 sling bullets (quivered)
Press: ? - help, Shift-Dir - straight line, f/p - gnoll
Aim: a gnoll, wielding a spear (almost dead)
You shoot a sling bullet.
The sling bullet closely misses the gnoll.
The sling bullet hits the gnoll.
The sling bullet burns the gnoll.
The gnoll misses you.
Firing (i - inventory):
h - 25 sling bullets (quivered)
Press: ? - help, Shift-Dir - straight line, f/p - gnoll
Aim: a gnoll, wielding a spear (almost dead)
You shoot a sling bullet.
The sling bullet completely misses the gnoll.
The sling bullet hits the gnoll but does no damage.
The gnoll barely misses you.
The gnoll hits you from afar with a spear.
Casting: Magic Dart
Confirm with . or Enter, or press ? or * to list all spells.
Aiming: Magic Dart
Press: ? - help, Shift-Dir - straight line, f/p - gnoll
Aim: a gnoll, wielding a spear (almost dead)
The magic dart hits the gnoll.
You kill the gnoll!
Vehumet accepts your kill.
A gnoll opens the door.
Casting: Magic Dart
Confirm with . or Enter, or press ? or * to list all spells.
Aiming: Magic Dart
Press: ? - help, Shift-Dir - straight line, f - gnoll
Aim: a gnoll, wielding a halberd The magic dart hits the gnoll.
The gnoll shouts!
Casting: Magic Dart
Confirm with . or Enter, or press ? or * to list all spells.
Aiming: Magic Dart
Press: ? - help, Shift-Dir - straight line, f/p - gnoll
Aim: a gnoll, wielding a halberd The magic dart hits the gnoll.
The iguana hisses angrily.
The gnoll hits you from afar with a halberd!
Casting: Magic Dart
Confirm with . or Enter, or press ? or * to list all spells.
Aiming: Magic Dart
Press: ? - help, Shift-Dir - straight line, f/p - gnoll
Aim: a gnoll, wielding a halberd (moderately wounded)
The magic dart hits the gnoll.
The gnoll barely misses you.
Press: ? - help, v - describe, . - travel
Here: a gnoll, wielding a halberd (heavily wounded)
The floor.
Casting: Magic Dart
Confirm with . or Enter, or press ? or * to list all spells.
Aiming: Magic Dart
Press: ? - help, Shift-Dir - straight line, f/p - gnoll
Aim: a gnoll, wielding a halberd (heavily wounded)
The magic dart hits the gnoll.
The gnoll hits you from afar with a halberd.
* * * LOW HITPOINT WARNING * * *
Casting: Magic Dart
Confirm with . or Enter, or press ? or * to list all spells.
Aiming: Dazzling Spray
Press: ? - help, Shift-Dir - straight line, f/p - gnoll
Aim: a gnoll, wielding a halberd (almost dead)
The spray of energy hits the gnoll.
You kill the gnoll!
Vehumet accepts your kill.
The spray of energy hits the gnoll.
You are feeling hungry.
Unknown command.
The iguana closely misses you.
Press: ? - help, v - describe, . - travel
Here: an iguana The floor.
The iguana hisses menacingly.
The iguana bites you.
* * * LOW HITPOINT WARNING * * *
Okay, then.
Okay, then.
Evoke which item? (* to show all) (? for menu, Esc to quit)
Aiming: Disintegrate (will waste charges)
Press: ? - help, Shift-Dir - straight line, f - iguana
Aim: an iguana (chance to defeat MR: 73%)
The iguana is blasted.
Evoking this partially-identified wand wasted a few charges.
The iguana bites you!
You die...

........####.## .#
......... ....# #.#
......[.# #...# #.#
........# #...# #.#
........# #...# #.#
........# #...# #.#######
.######.###...####.#.....#
..######.#.....g....#.....#
..............@l..........+
......##.#.#...#..........#
##### #.#.....#.g........#
#.#.....#..........#####
#<#....##...)...........
#..##.#####..........#####
##. #.# #..........# #. #.#
#..........##### #.##.
#...............


You could see an iguana and 2 gnolls.

Vanquished Creatures
  An ogre (D:4)
  A howler monkey (D:4)
  A jelly (D:5)
  2 gnolls (D:5)
  5 adders
  An ooze (D:2)
  An adder skeleton (D:4)
  2 worms
  3 dart slugs
  4 leopard geckos
  12 orcs
  5 giant cockroaches
  5 goblins
  8 hobgoblins
  13 jackals
  4 kobolds
  3 quokkas
  4 ball pythons
  11 bats
  6 frilled lizards
  A giant cockroach zombie (D:5)
  2 quokka skeletons
  5 rats
100 creatures vanquished.

Vanquished Creatures (collateral kills)
  An ogre (D:4)
1 creature vanquished.

Grand Total: 101 creatures vanquished

Notes
Turn   | Place    | Note
-------+----------+-------------------------------------------
     0 | D:1      | RKaid the Deep Elf Conjurer began the quest for the Orb.
     0 | D:1      | Reached XP level 1. HP: 10/10 MP: 6/6
   251 | D:1      | Reached XP level 2. HP: 15/15 MP: 5/8
   489 | D:1      | Reached skill level 5 in Conjurations
   530 | D:1      | Learned a level 2 spell: Searing Ray
   831 | D:2      | Found a sacrificial altar of Ru.
   944 | D:2      | Reached XP level 3. HP: 19/19 MP: 5/10
  1013 | D:2      | Reached skill level 4 in Spellcasting
  1562 | D:2      | Reached XP level 4. HP: 24/24 MP: 7/12
  1712 | D:2      | Noticed Natasha
  2400 | D:3      | Found a snail-covered altar of Cheibriados.
  2513 | D:3      | Learned a level 3 spell: Dazzling Spray
  2518 | D:3      | Learned a level 4 spell: Iskenderun's Mystic Blast
  2520 | D:3      | Learned a level 1 spell: Animate Skeleton
  2522 | D:3      | Learned a level 1 spell: Apportation
  2798 | D:3      | Reached skill level 6 in Conjurations
  2960 | D:3      | Reached XP level 5. HP: 28/28 MP: 11/14
  3110 | D:4      | Reached skill level 5 in Spellcasting
  3166 | D:4      | Noticed an ogre
  3177 | D:4      | Killed an ogre
  3295 | D:4      | Noticed an ogre
  3303 | D:4      | Killed an ogre
  3303 | D:4      | Reached skill level 7 in Conjurations
  3303 | D:4      | Reached XP level 6. HP: 32/32 MP: 11/16
  3567 | D:4      | Found a staircase to the Ecumenical Temple.
  3577 | Temple   | Entered the Ecumenical Temple
  3639 | Temple   | Became a worshipper of Vehumet
  3964 | D:5      | Entered Level 5 of the Dungeon
  4043 | D:5      | Reached skill level 6 in Spellcasting
  4071 | D:5      | Found an opulent altar of Gozag.
  4144 | D:5      | Slain by an iguana

Skill      XL: |  1  2  3  4  5  6 |
---------------+-------------------+-----
Conjurations   | 5 6 7 |  7.4
Spellcasting   | 4 5 6 |  6.0
Fighting       | |  0.1
Dodging        | |  2.6
Stealth        | |  2.4

Action                   |  1- 3 |  4- 6 || total
-------------------------+-------+-------++-------
 Fire: Hunting sling     |       |     4 ||     4
 Cast: Magic Dart        |    70 |   131 ||   201
       Searing Ray       |     2 |     2 ||     4
       Animate Skeleton  |       |     4 ||     4
       Dazzling Spray    |       |     2 ||     2
Evoke: Wand              |       |     1 ||     1
  Eat: Chunk             |     2 |     7 ||     9
Armor: Robe              |     1 |     1 ||     2
Dodge: Dodged            |     7 |    11 ||    18

Table legend:
 A = Turns spent in this place as a percentage of turns spent in the entire game.
 B = Non-inter-level travel turns spent in this place as a percentage of non-inter-level travel turns spent in the entire game.
 C = Inter-level travel turns spent in this place as a percentage of turns spent in this place.
 D = Turns resting spent in this place as a percentage of non-inter-level travel turns spent in this place.
 E = Turns spent auto-exploring this place as a percentage of non-inter-level travel turns spent in this place.
 F = Non-inter-level travel turns spent in this place divided by the number of levels of this place that you've seen.
                   A       B       C       D       E      F
               +-------+-------+-------+-------+-------+----------------------
         Total | 100.0 | 100.0 |   0.8 |   8.6 |  10.9 | 163.3
       Dungeon |  96.3 |  96.3 |   0.7 |   8.9 |  11.1 | 188.8
        Temple |   3.7 |   3.7 |   2.7 |   0.0 |   5.6 |  36.0
               +-------+-------+-------+-------+-------+----------------------

Table legend:
 A = Kills in this place as a percentage of kills in entire the game.
 B = Kills by you in this place as a percentage of kills by you in the entire game.
 C = Kills by friends in this place as a percentage of kills by friends in the entire game.
 D = Other kills in this place as a percentage of other kills in the entire game.
 E = Experience gained in this place as a percentage of experience gained in the entire game.
 F = Experience gained in this place divided by the number of levels of this place that you have seen.
                   A       B       C       D       E      F
               +-------+-------+-------+-------+-------+----------------------
         Total | 100.0 | 100.0 | 100.0 |  -nan | 100.0 |  99.3
       Dungeon | 100.0 | 100.0 | 100.0 |  -nan | 100.0 | 119.2
               +-------+-------+-------+-------+-------+----------------------
